 Dungeon Crawl Stone Soup version 0.29.0-13-gc9e81de378 (webtiles) character file.

Game seed: 9631584433290188317

74 Pim the Firebug (level 4, -1/30 HPs)
             Began as a Human Fire Elementalist on Sept 10, 2022.
             Succumbed to an adder's poison
             ... on level 3 of the Dungeon.
             The game lasted 00:02:11 (3168 turns).

Pim the Firebug (Human Fire Elementalist)           Turns: 3168, Time: 00:02:11

Health: -1/30      AC:  3    Str:  8    XL:     4   Next: 52%
Magic:  0/7        EV: 12    Int: 16    God:
Gold:   87         SH:  0    Dex: 15    Spells: 5/8 levels left

rFire   . . .      SeeInvis .   v - +0 rapier
rCold   . . .      Faith    .   (no shield)
rNeg    . . .      Spirit   +   a - +0 robe
rPois   .          Reflect  .   (no helmet)
rElec   .          Harm     .   (no cloak)
rCorr   .          Rampage  .   (no gloves)
Will    .....                   d - +0 pair of boots
Stlth   ++........              s - amulet of guardian spirit
HPRegen 0.10/turn               (no ring)
MPRegen 0.10/turn               (no ring)

@: lethally poisoned (-1 -> -6)
A: no striking features
a: no special abilities


You were on level 3 of the Dungeon.
You visited 1 branch of the dungeon, and saw 3 of its levels.

You collected 87 gold pieces.

Inventory:

Hand Weapons
 e - a +0 spear
 r - a +0 short sword
 v - a +0 rapier (weapon)
Missiles
 q - 8 poisoned darts
Armour
 a - a +0 robe (worn)
 d - a +0 pair of boots (worn)
 n - a +0 leather armour
Jewellery
 s - an amulet of guardian spirit (around neck)
Scrolls
 l - 2 scrolls of identify {unknown}
 m - 2 scrolls of fear {unknown}
 p - a scroll of vulnerability {unknown}
 u - a scroll of teleportation {unknown}
 w - a scroll of acquirement {unknown}
Potions
 b - a potion of magic
 c - a potion of berserk rage {unknown}
 f - a potion of degeneration {unknown}
 g - a potion of cancellation {unknown}
 h - a potion of mutation {unknown}
 i - a potion of brilliance {unknown}
 j - 3 potions of attraction {unknown}
 k - 2 potions of haste {unknown}
 o - a potion of curing {unknown}
 t - a potion of flight {unknown}


   Skills:
 + Level 2.6 Dodging
 + Level 2.7 Stealth
 + Level 2.5 Spellcasting
 + Level 1.8 Conjurations
 + Level 3.4 Fire Magic


You had 5 spell levels left.
You knew the following spells:

 Your Spells              Type           Power      Damage    Failure   Level
a - Foxfire               Conj/Fire      40%        2x1d6     7%          1
b - Scorch                Fire           26%        2d6       7%          2

Your spell library contained the following spells:

 Spells                   Type           Power      Damage    Failure   Level
 Conjure Flame            Conj/Fire      10%        6-21      21%         3
 Inner Flame              Hex/Fire       7%         N/A       28%         3
 Flame Wave               Conj/Fire      10%        2d6       54%         4
 Fulminant Prism          Conj/Hex       2%         3d6       80%         4
 Iskenderun's Mystic Bla  Conj/Tloc      5%         2d3       80%         4
 Lee's Rapid Deconstruct  Erth           1%         3d5*      99%         5


Dungeon Overview and Level Annotations

Branches:
Dungeon (3/15)

Altars:


Message History

You are poisoned.
The adder poisons you! The adder bites you.
You are more poisoned.
The adder poisons you!
You miss the adder.
The adder is moderately wounded.
You feel very sick. The adder barely misses you. The adder misses you.
The adder bites you but does no damage.
You completely miss the adder.
The adder is lightly wounded.
You feel sick. The adder bites you. The gnoll barely misses you.
The adder bites you.
You are more poisoned.
The adder poisons you!
The adder bites you but does no damage. x2
The gnoll closely misses you.
You closely miss the adder.
The adder is lightly wounded.
You feel very sick.
The adder barely misses you. x2; The gnoll closely misses you.
Casting: Foxfire (safe; 7% risk of failure)
Confirm with . or Enter, or press ? or * to list all spells.
You conjure some foxfire!
You feel sick. The adder barely misses you. The adder misses you.
The gnoll hits you with a +0 club.
* * * LOW HITPOINT WARNING * * *
The adder misses you.
Casting: Foxfire (safe; 7% risk of failure)
Confirm with . or Enter, or press ? or * to list all spells.
You don't have enough magic to cast this spell.
* * * LOW HITPOINT WARNING * * *
You feel sick.
The foxfire hits the adder.
The adder is heavily wounded.
The foxfire hits the gnoll.
The gnoll is moderately wounded.
The adder barely misses you. The gnoll hits you with a +0 club.
* * * LOW HITPOINT WARNING * * *
The adder closely misses you. x2
You hit the adder but do no damage.
The adder is heavily wounded.
You die...

#...# #.[.# ### #...# ..
####...######## .#
.............(###.#
..................#
..............##..#
####...#########S.##.#..
#...# #@....... #...#
#Sg##.### #...#######
#..# # ####...#.....#
...# .......#ยง###.#
.>## ####...#.###.##...
###........#.##.##
#......#.#.#.##.
......##>#.#.#


You could see a gnoll and 2 adders.

Vanquished Creatures
  3 adders
  A dart slug (D:1)
  5 ball pythons
  5 endoplasms
  2 giant cockroaches (D:2)
  2 goblins (D:2)
  8 hobgoblins
  A jackal (D:2)
  2 quokkas
  2 bats
  3 frilled lizards
  5 kobolds
  3 rats (D:2)
42 creatures vanquished.

Vanquished Creatures (others)
  146 foxfires
146 creatures vanquished.

Grand Total: 188 creatures vanquished

Notes
Turn   | Place    | Note
-------+----------+-------------------------------------------
     0 | D:1      | Pim the Human Fire Elementalist began the quest for the
                  | Orb.
     0 | D:1      | Reached XP level 1. HP: 13/13 MP: 3/3
   304 | D:1      | Reached XP level 2. HP: 19/19 MP: 1/5
   971 | D:1      | Learned a level 2 spell: Scorch
  1020 | D:1      | Found a faded altar of an unknown god.
  1430 | D:2      | Reached XP level 3. HP: 24/24 MP: 3/6
  2405 | D:2      | Reached XP level 4. HP: 26/30 MP: 1/7
  3167 | D:3      | HP: 1/30 [gnoll/+0 club (4)]
  3168 | D:3      | Succumbed to an adder's poison

Illustrated notes

Levels and vault maps discovered:
D:1:      saegor_arrival_miasma, layout_loops_cross,
          ebering_ecumenical_altar_webs, amcnicky_mini_pool_small
D:2:      minmay_razor_zed, layout_loops_cross
D:3:      layout_loops_cross, gammafunk_temple_overflow_statue,
          ebering_ghost_sewer_f

Action                   |  1- 3 |  4- 6 || total
-------------------------+-------+-------++-------
Melee: Unarmed           |     1 |       ||     1
       Spear             |     8 |       ||     8
       Short sword       |       |     9 ||     9
       Rapier            |       |     5 ||     5
 Cast: Foxfire           |    76 |    24 ||   100
       Scorch            |     4 |     2 ||     6
 Stab: Sleeping          |     1 |       ||     1
Armor: Robe              |     4 |    13 ||    17
Dodge: Dodged            |    18 |    28 ||    46
